 Dungeon Crawl Stone Soup version 0.28.0-53-g5a82cb258f (webtiles) character file.

Game seed: 1719953965038366681

5712 LustLizard the Cleaver (level 10, -6/88 HPs)
             Began as a Minotaur Berserker on July 18, 2022.
             Was a Priest of Trog.
             Mangled by a wolf (7 damage)
             ... led by Grum
             ... on level 11 of the Dungeon.
             The game lasted 00:17:30 (9289 turns).

LustLizard the Cleaver (Minotaur Berserker)         Turns: 9289, Time: 00:17:31

Health: -6/88      AC:  8    Str: 23    XL:     10   Next: 48%
Magic:  9/9        EV: 11    Int:  6    God:    Trog [***...]
Gold:   552        SH:  0    Dex: 11    Spells: 9/9 levels left

rFire   + . .      SeeInvis .   M - +8 great mace of Atsy {holy, *Slow rPois rF+ rN++}
rCold   . . .      Faith    .   (shield currently unavailable)
rNeg    + + .      Spirit   .   O - +0 acid dragon scales
rPois   +          Reflect  .   (helmet restricted)
rElec   .          Harm     .   (no cloak)
rCorr   +          Rampage  .   i - +1 pair of gloves
Will    .....                   (no boots)
Stlth   +.........              (no amulet)
HPRegen 0.24/turn               (no ring)
MPRegen 0.11/turn               (no ring)

@: on berserk cooldown, slowed, very slow
A: horns 2, retaliatory headbutt
a: Renounce Religion, Berserk, Trog's Hand


You were on level 11 of the Dungeon.
You worshipped Trog.
Trog was most pleased with you.
You visited 1 branch of the dungeon, and saw 9 of its levels.
You also visited: Ossuary.

You collected 627 gold pieces.
You spent 75 gold pieces at shops.

Inventory:

Hand Weapons
 a - a +0 hand axe
 v - a +1 war axe of draining
 G - a +0 hand axe of flaming
 M - the +8 great mace of Atsy (weapon) {holy, *Slow rPois rF+ rN++}
   (You found it on level 6 of the Dungeon)

   It has been blessed by the Shining One to cause great damage to the undead
   and demons.
   rF:        It protects you from fire.
   rPois:     It protects you from poison.
   rN:        It greatly protects you from negative energy.
   *Slow:     It may slow you when you take damage.
Missiles
 c - 201 stones (quivered)
 k - 17 poisoned darts
 o - 8 boomerangs
 T - 4 throwing nets
Armour
 b - a +0 animal skin
 h - a +0 leather armour
 i - a +1 pair of gloves (worn)
 j - a +0 ring mail
 m - a +1 leather armour of cold resistance
 H - a +0 scale mail
 O - +0 acid dragon scales (worn)
Jewellery
 e - a +6 ring of dexterity
 N - a +4 ring of protection
Wands
 q - a wand of flame (37)
 J - a wand of acid (6)
 P - a wand of polymorph (6)
 Q - a wand of digging (4)
Scrolls
 d - 4 scrolls of enchant weapon
 f - 3 scrolls of magic mapping {unknown}
 l - 2 scrolls of immolation {unknown}
 n - a scroll of fog {unknown}
 t - a scroll of acquirement {unknown}
 u - 3 scrolls of vulnerability {unknown}
 w - a scroll of brand weapon {unknown}
 y - 2 scrolls of teleportation {unknown}
 z - a scroll of fear {unknown}
 D - 4 scrolls of amnesia {unknown}
 L - a scroll of enchant armour {unknown}
Potions
 g - 3 potions of curing
 p - 3 potions of magic
 r - 3 potions of attraction
 s - 2 potions of mutation
 x - a potion of heal wounds
 A - a potion of degeneration
 B - a potion of flight {unknown}
 C - a potion of invisibility {unknown}
 E - a potion of resistance {unknown}
 F - 2 potions of ambrosia
 I - a potion of brilliance {unknown}
 K - a potion of haste {unknown}
 R - a potion of cancellation {unknown}
 S - a potion of lignification {unknown}


   Skills:
 + Level 8.2 Fighting
 - Level 8.9(9.8) Axes
 * Level 6.2(8.5) Maces & Flails
 * Level 8.6 Throwing
 - Level 2.4 Armour
 - Level 2.1 Dodging
 * Level 7.2 Evocations


You had 9 spell levels left.
You didn't know any spells.
Your spell library was empty.

Dungeon Overview and Level Annotations

Branches:
Dungeon (8/15)             Temple (0/1) D:6         Ossuary (visited)
   Lair: D:8-11

Altars:
Dithmenos
Okawaru
Sif Muna
Uskayaw
Vehumet

Shops:
D:5 *

Annotations:
D:7 2 transporters, Zenx's ghost, novice SpCj


Innate Abilities, Weirdness & Mutations

You have a pair of horns on your head.
You reflexively headbutt those who attack you in melee.


Message History

The wolf barely misses you. You furiously retaliate!
You headbutt the wolf!
Things that are here:
a wolf corpse; a wolf corpse You hit Grum.
Grum is lightly wounded.
The wolf bites you! Grum hits you with a +1 spear!
* * * LOW HITPOINT WARNING * * *
The wolf bites you but does no damage. Grum hits you with a +1 spear.
* * * LOW HITPOINT WARNING * * *
You hit Grum. You headbutt Grum.
Grum is lightly wounded.
The wolf bites you.
* * * LOW HITPOINT WARNING * * *
The wolf barely misses you. You furiously retaliate!
You headbutt the wolf!
You kill the wolf!
Trog accepts your kill. Grum hits you with a +1 spear.
* * * LOW HITPOINT WARNING * * *
You closely miss Grum. Your headbutt misses Grum.
Grum is lightly wounded.
The wolf closely misses you. Grum hits you with a +1 spear!
* * * LOW HITPOINT WARNING * * *
The wolf bites you!
* * * LOW HITPOINT WARNING * * *
You bludgeon Grum!! You headbutt Grum!
You kill Grum!
Trog accepts your kill. The wolf barely misses you. You furiously retaliate!
You headbutt the wolf, but do no damage.
The wolf barely misses you.
You barely miss the wolf.
The wolf bites you but does no damage. x2
You miss the wolf. The wolf bites you!
* * * LOW HITPOINT WARNING * * *
The wolf closely misses you.
You completely miss the wolf.
You are no longer berserk.
You are exhausted.
You feel as though you will be slow longer.
The wolf bites you!
You die...

### +..
#.###.#
#)h>..#
#@#####.#
#.......#
#########


You could see a wolf.

Vanquished Creatures
  Maggie (D:6)
  Prince Ribbit (D:6)
  A wraith (D:11)
  Grum (D:11)
  2 steam dragons
  Menkaure (D:7)
  A water moccasin (D:5)
  Edmund (D:4)
  A black bear (D:7)
  2 necrophages
  3 wolves (D:11)
  5 ogres
  2 centaurs
  2 kobold brigands
  2 bullfrogs (D:7)
  A gnoll sergeant (D:7)
  6 scorpions
  4 killer bees (D:5)
  An oklob sapling (D:6)
  4 wights
  3 centaur zombies
  2 bullfrog zombies (D:5)
  7 orc priests
  A centaur skeleton (D:4)
  A hound (D:6)
  4 jellies
  Jessica (D:2)
  6 iguanas
  Natasha (thrice) (D:2)
  5 orc wizards
  9 mummies
  4 gnolls (D:7)
  A howler monkey skeleton (D:6)
  6 adders
  A white imp (D:5)
  An ufetubus (D:5)
  An adder skeleton (D:4)
  15 orcs
  4 ball pythons
  6 endoplasms
  3 giant cockroaches
  7 goblins
  8 hobgoblins
  A jackal (D:4)
  12 kobolds
  6 quokkas
  5 bats
  7 frilled lizards
  4 kobold zombies (Ossuary)
  4 orc zombies (Ossuary)
  2 rats
182 creatures vanquished.

Vanquished Creatures (collateral kills)
  Harold (D:8)
  A wyvern zombie (D:8)
  3 orcs (D:8)
5 creatures vanquished.

Vanquished Creatures (others)
  25 fungi (D:5)
  A plant (D:6)
26 creatures vanquished.

Grand Total: 213 creatures vanquished

Notes
Turn   | Place    | Note
-------+----------+-------------------------------------------
     0 | D:1      | LustLizard the Minotaur Berserker began the quest for the
                  | Orb.
     0 | D:1      | Reached XP level 1. HP: 19/19 MP: 0/0
   231 | D:1      | Found a faded altar of an unknown god.
   236 | D:1      | Reached XP level 2. HP: 24/27 MP: 1/1
   237 | D:1      | Reached skill level 1 in Throwing
   767 | D:2      | Noticed Jessica
   772 | D:2      | Killed Jessica
   773 | D:2      | Reached XP level 3. HP: 29/33 MP: 2/2
  1060 | D:2      | Noticed Natasha
  1067 | D:2      | Killed Natasha
  1067 | D:2      | Reached ** piety under Trog
  1068 | D:2      | Reached XP level 4. HP: 31/40 MP: 3/3
  1184 | D:2      | Noticed Natasha
  1192 | D:2      | Killed Natasha
  1193 | D:2      | Reached skill level 5 in Axes
  1474 | D:2      | Noticed Natasha
  1484 | D:2      | Killed Natasha
  1624 | D:2      | Reached XP level 5. HP: 47/47 MP: 4/4
  2346 | D:4      | Noticed Edmund
  2354 | D:4      | Killed Edmund
  2355 | D:4      | Reached skill level 1 in Evocations
  2355 | D:4      | Reached XP level 6. HP: 34/53 MP: 5/5
  2567 | D:4      | Found a sand-covered staircase.
  2684 | Ossuary  | Entered an ossuary
  2722 | Ossuary  | Reached skill level 5 in Fighting
  3153 | Ossuary  | Reached XP level 7. HP: 40/61 MP: 6/6
  3849 | D:4      | Reached *** piety under Trog
  4514 | D:5      | Entered Level 5 of the Dungeon
  4521 | D:4      | Reached skill level 5 in Throwing
  4546 | D:5      | Found a shadowy altar of Dithmenos.
  4596 | D:5      | Reached XP level 8. HP: 70/70 MP: 7/7
  4866 | D:5      | Found Okhooni's General Store.
  4882 | D:5      | Bought a potion of heal wounds for 75 gold pieces
  5046 | D:5      | Found a radiant altar of Vehumet.
  5824 | D:6      | Found a staircase to the Ecumenical Temple.
  5912 | D:6      | Reached **** piety under Trog
  5928 | D:6      | Reached skill level 5 in Evocations
  5928 | D:6      | Reached XP level 9. HP: 56/75 MP: 8/8
  6637 | D:6      | Found a shimmering blue altar of Sif Muna.
  6701 | D:6      | Identified the +8 great mace of Atsy {holy, *Slow rPois rF+
                  | rN++}
  6714 | D:6      | Noticed Prince Ribbit
  6729 | D:6      | Killed Prince Ribbit
  6730 | D:6      | Reached skill level 1 in Maces & Flails
  7245 | D:6      | Noticed Maggie
  7255 | D:6      | Killed Maggie
  7874 | D:7      | Noticed Menkaure
  7883 | D:7      | Killed Menkaure
  8268 | D:7      | Reached XP level 10. HP: 56/88 MP: 9/9
  8412 | D:7      | Noticed Zenx's ghost (novice SpCj)
  8414 | D:7      | Found a transporter.
  8419 | D:7      | Found a transporter.
  8613 | D:7      | Reached skill level 5 in Maces & Flails
  8741 | D:8      | Found a hide-covered altar of Uskayaw.
  8775 | D:8      | Noticed Harold
  8789 | D:8      | Killed Harold
  9263 | D:8      | Found an iron altar of Okawaru.
  9272 | D:8      | You fall into a shaft and drop 3 floors!
  9273 | D:11     | Noticed Grum
  9286 | D:11     | Killed Grum
  9288 | D:11     | HP: 1/132 [wolf[Grum] (9)]
  9289 | D:11     | Mangled by a wolf

Illustrated notes

Levels and vault maps discovered:
D:1:      scummos_arrival_simple_crosswalls, layout_basic,
          ebering_ecumenical_altar_sacrificial, minmay_cut_off
D:2:      layout_rooms, uniq_natasha, uniq_jessica
D:3:      layout_loops_ring
D:4:      minmay_chambers_of_twos, layout_rooms, gup_ossuary_entry_pyramid,
          serial_curves, eino_curves_04, eino_curves_01, eino_curves_03,
          hangedman_abyss_or_decor_passed, chequers_serial_rivers_large_a,
          uniq_edmund
D:5:      layout_basic, mainiacjoe_overflow_cross_hatched,
          grunt_dithmenos_smoke_and_mirrors, serial_shops, nicolae_shop_stone
D:6:      layout_gridville, mainiacjoe_overflow_paths,
          minmay_temple_entry_oklob, uniq_prince_ribbit1, uniq_maggie
D:7:      layout_basic, gammafunk_ghost_hive, uniq_menkaure
D:8:      layout_rooms, amcnicky_altar_gilded, mainiacjoe_overflow_boulevard,
          serial_shops, shop, kennysheep_little_box, shop,
          minmay_misc_feat_ornament, uniq_harold
D:11:     layout_roguey, zombieorc2_lemuel, portal_ice_cave_entry_ice_simulacra,
          uniq_grum

Skill      XL: |  1  2  3  4  5  6  7  8  9 10 |
---------------+-------------------------------+-----
Throwing       | 1 2 3 4 5 6 7 8 |  8.6
Axes           | 4 5 6 7 8 |  8.9
Fighting       | 4 5 6 7 8 |  8.2
Evocations     | 1 2 3 5 6 7 |  7.2
Maces & Flails | 4 6 |  6.2
Armour         | |  2.4
Dodging        | |  2.1

Action                   |  1- 3 |  4- 6 |  7- 9 | 10-12 || total
-------------------------+-------+-------+-------+-------++-------
Melee: Hand axe          |    56 |    35 |       |       ||    91
       Headbutt          |     5 |    11 |    37 |    10 ||    63
       Punch             |     2 |     2 |     3 |       ||     7
       War axe           |       |    53 |   139 |       ||   192
       Great mace        |       |       |    47 |    52 ||    99
Throw: Stone             |     4 |    47 |   144 |    15 ||   210
       Dart              |       |       |     5 |       ||     5
Invok: Berserk           |     1 |       |     3 |     2 ||     6
       Trog's Hand       |       |     1 |     2 |     1 ||     4
       Brothers in Arms  |       |       |     1 |     1 ||     2
Evoke: Wand              |       |     3 |    10 |       ||    13
  Use: Scroll            |       |       |     6 |       ||     6
       Potion            |       |       |       |     1 ||     1
Armor: Animal skin       |     2 |       |       |       ||     2
       Ring mail         |     8 |       |       |       ||     8
       Leather armour    |     4 |    16 |    12 |       ||    32
       Scale mail        |       |       |    43 |       ||    43
       Acid dragon scale |       |       |    21 |    20 ||    41
Dodge: Dodged            |    36 |    42 |   112 |    31 ||   221
